 Dungeon Crawl Stone Soup version 0.28-a0-580-ga2639ab843 (webtiles) character file.

Game seed: 12233708751752440761

4132 sanka the Envoy of Void (level 10, 0/85 HPs)
             Began as a Palentonga Abyssal Knight on Oct 2, 2021.
             Was a High Priest of Lugonu.
             Slain by Harold (19 damage)
             ... on level 8 of the Dungeon.
             The game lasted 00:16:40 (9963 turns).

sanka the Envoy of Void (Palentonga Abyssal Knight) Turns: 9963, Time: 00:16:41

Health: 0/85       AC: 16    Str: 18    XL:     10   Next: 6%
Magic:  16/16      EV: 11    Int: 11    God:    Lugonu [*****.]
Gold:   424        SH:  3    Dex: 12    Spells: 9/9 levels left

rFire   . . .      SeeInvis +   a - +1 hand axe (elec)
rCold   . . .      Faith    .   F - +0 buckler
rNeg    . . .      Spirit   .   s - +1 robe
rPois   .          Reflect  .   (no helmet)
rElec   .          Harm     .   t - +2 cloak
rCorr   .          Rampage  .   l - +0 pair of gloves
Will    .....                   (no barding)
Stlth   +.........              D - amulet of magic regeneration
HPRegen 0.24/turn               (no ring)
MPRegen 0.40/turn               E - ring of flight

@: marked, flying, curled up
A: large, rugged brown scales 3, see invisible, deformed body, roll 1, armoured
tail, reflexive curl
a: Rolling Charge, Renounce Religion, Depart the Abyss, Bend Space, Banish,
Corrupt, Enter the Abyss


You were on level 8 of the Dungeon.
You worshipped Lugonu.
Lugonu was extremely pleased with you.
You visited 1 branch of the dungeon, and saw 8 of its levels.
You visited the Abyss 1 time.
You also visited: Ossuary.

You collected 424 gold pieces.


Innate Abilities, Weirdness & Mutations

You are completely covered in rugged brown scales. (AC +3, +7% HP)
You have supernaturally acute eyesight. (SInv)
Armour fits poorly on your strangely shaped body.
You can roll at nearby foes to attack.
You have a long armoured tail.
You curl defensively after being hit.


   Skills:
 - Level 8.0 Fighting
 - Level 8.0 Axes
 - Level 1.5 Armour
 + Level 5.8 Dodging
 + Level 0.3 Shields
 - Level 8.0 Invocations


You had 9 spell levels left.
You didn't know any spells.
Your spell library contained the following spells:

 Spells                   Type           Power      Damage    Failure   Level
 Sandblast                Erth           0%         2d4       47%         1
 Blink                    Tloc           N/A        N/A       63%         2
 Passwall                 Tmut/Erth      0%         N/A       63%         2
 Stone Arrow              Conj/Erth      0%         3d7       85%         3
 Manifold Assault         Tloc           0%         N/A       100%        5
 Storm Form               Tmut/Air       0%         N/A       100%        7

Inventory:

Hand Weapons
 a - a +1 hand axe of electrocution (weapon)
 b - a +0 war axe
Missiles
 g - 60 poisoned darts
 B - a curare-tipped dart {=f}
Armour
 l - a +0 pair of gloves (worn)
 s - a +1 robe (worn)
 t - a +2 cloak (worn)
 F - a +0 buckler (worn)
Jewellery
 D - an amulet of magic regeneration (around neck)
 E - a ring of flight (right hand)
Wands
 j - a wand of iceblast (12)
 p - a wand of paralysis (4)
 C - a wand of polymorph (8)
Scrolls
 i - a scroll of fog
 k - a scroll of holy word
 m - 2 scrolls of teleportation {@r4}
 o - a scroll of enchant weapon
 q - a scroll of blinking
 u - a scroll of summoning {unknown}
 y - a scroll of amnesia
 A - a scroll of enchant armour
Potions
 c - 6 potions of curing {unknown}
 d - 3 potions of flight {unknown}
 e - 2 potions of berserk rage {!q}
 f - 2 potions of might
 h - 3 potions of magic {unknown}
 n - a potion of cancellation {unknown}
 r - 5 potions of heal wounds {@q2}
 v - a potion of attraction {unknown}
 w - 2 potions of degeneration {unknown}
 x - a potion of ambrosia {unknown}
 z - a potion of mutation {unknown}

Dungeon Overview and Level Annotations

Branches:
Dungeon (8/15)             Temple (0/1) D:6         Ossuary (visited)
   Lair: D:8-11

Altars:
Cheibriados
Hepliaklqana
Okawaru
Ru
Xom
Yredelemnul
The Shining One

Shops:
D:1 (

Annotations:
D:8 Harold
Abyss:1 Edmund

▒.▒
▒......▒▒..........▒▒▒.▒.
▒.▒ ▒.......▒▒▒▒.......▒
▒.▒. ▒.▒ ▒.......▒▒
▒.[.....▒▒▒.▒.
▒.▒▒▒▒▒.......(▒
▒.......+...▒.
▒..............▒
▒.......▒...▒.
▒▒▒▒▒▒.▒▒▒▒▒▒▒.▒
▒▒▒▒▒▒▒.▒.....
▒.........▒▒.▒ ▒.......▒▒
▒▒...▒....▒▒.▒▒▒▒▒▒▒▒▒.▒▒.▒▒
▒...▒.▒▒▒▒▒H.....▒ ▒......
....▒ ▒▒.<.@...>.▒ ▒▒▒▒....
▒▒▒..▒ ▒.▒.......▒ ▒....
...▒ .. ▒.......▒ ▒....
▒▒.▒▒. ▒......▒▒ ▒.... >.
▒......▒ ▒.... ▒ ▒......▒
▒......▒


You could see Harold.


Message History

Harold hits you but does no damage.
Unknown command.
You slash Harold!
Harold is heavily wounded.
Harold hits you with a +0 long sword.
Unknown command.
You hit Harold.
Harold is heavily wounded.
Harold hits you with a +0 long sword!
Unknown command.
You hit Harold. Lightning courses through Harold!
Harold is severely wounded.
Harold gestures at you while chanting. The mark upon you grows brighter.
You completely miss Harold.
Harold is severely wounded.
Harold barely misses you.
You barely miss Harold.
Harold is severely wounded.
Harold hits you with a +0 long sword.
* * * LOW HITPOINT WARNING * * *
You barely miss Harold.
Harold is severely wounded.
Harold hits you with a +0 long sword!!
* * * LOW HITPOINT WARNING * * *
You hit Harold but do no damage.
Harold is severely wounded.
Harold hits you with a +0 long sword!!
You die...

Action                   |  1- 3 |  4- 6 |  7- 9 | 10-12 || total
-------------------------+-------+-------+-------+-------++-------
Melee: Hand axe          |   106 |   124 |   375 |    30 ||   635
       Tailslap          |    13 |    15 |    76 |     1 ||   105
       War axe           |       |       |    42 |       ||    42
Invok: Banish            |       |       |     1 |       ||     1
 Abil: Rolling Charge    |     5 |    13 |    13 |     1 ||    32
Evoke: Wand              |       |       |     6 |       ||     6
  Use: Scroll            |     2 |       |     4 |     2 ||     8
       Potion            |     1 |       |     1 |       ||     2
 Stab: Sleeping          |     1 |       |     1 |       ||     2
Armor: Leather armour    |    38 |    51 |    16 |       ||   105
       Robe              |       |       |   157 |    15 ||   172
Dodge: Dodged            |    48 |    46 |   165 |     9 ||   268
Block: Buckler           |       |       |       |     2 ||     2

Levels and vault maps discovered:
D:1:      grunt_arrival_lava_bath, layout_basic, serial_shops, shop_statue,
          hellmonk_ecumenical_altar_lost_god, bh_walls_and_bars
D:2:      layout_loops_corners, grunt_ministairs_4, kennysheep_nub,
          chequers_jeans
D:3:      minmay_chambers_of_twos, layout_loops_ring
D:4:      layout_loops_corners, hangedman_minor_gate_pass, uniq_menkaure,
          uniq_edmund, uniq_ijyb, uniq_duvessa
D:5:      layout_rooms, okawaru_metal_pillars_1_2, general_overflow_altar,
          nicolae_ossuary_entry_false_entrances
D:6:      layout_loops_corners, yredelemnul_altar_generic,
          lemuel_temple_firewalk_b, hangedman_decor_diamond_cutter,
          corexii_item_surrounded_by_moat
D:7:      minmay_evil_eye, layout_cave_pools, mainiacjoe_overflow_alcove_1,
          tso_oasis_becter, mainiacjoe_overflow_two_lobes
D:8:      layout_basic, mainiacjoe_overflow_surrounded_room, uniq_harold

Notes
Turn   | Place    | Note
-------+----------+-------------------------------------------
     0 | Abyss:1  | sanka the Palentonga Abyssal Knight began the quest for the
                  | Orb.
     0 | Abyss:1  | Reached XP level 1. HP: 19/19 MP: 2/2
    11 | D:1      | Escaped the Abyss
    90 | D:1      | Found a faded altar of an unknown god.
   319 | D:1      | Reached XP level 2. HP: 24/25 MP: 3/3
   395 | D:1      | Found Pymadu's Antique Weapon Boutique.
   612 | D:1      | Reached ** piety under Lugonu
   758 | D:1      | Reached skill level 3 in Invocations
   798 | D:1      | Reached XP level 3. HP: 31/31 MP: 5/5
  1304 | D:2      | Reached skill level 3 in Axes
  2163 | D:2      | Noticed a scorpion
  2172 | D:2      | Killed a scorpion
  2173 | D:2      | Reached skill level 4 in Invocations
  2173 | D:2      | Reached XP level 4. HP: 37/37 MP: 5/7
  2504 | D:3      | Reached XP level 5. HP: 41/43 MP: 8/8
  2782 | D:3      | Reached skill level 4 in Axes
  3101 | D:3      | Reached *** piety under Lugonu
  3245 | D:4      | Noticed Menkaure
  3252 | D:4      | Killed Menkaure
  3253 | D:4      | Reached skill level 5 in Invocations
  3253 | D:4      | Reached XP level 6. HP: 44/50 MP: 9/9
  3395 | D:4      | Reached skill level 5 in Axes
  3433 | D:4      | Noticed Ijyb
  3433 | D:4      | Noticed Edmund
  4032 | D:4      | Noticed Duvessa
  4077 | D:3      | Reached skill level 6 in Invocations
  4270 | D:4      | Killed Duvessa
  4271 | D:4      | Gained mutation: You curl defensively after being hit.
                  | [Palentonga growth]
  4271 | D:4      | Reached XP level 7. HP: 16/55 MP: 11/11
  4574 | D:4      | Reached skill level 7 in Invocations
  4714 | D:4      | Killed Ijyb
  5093 | D:4      | Noticed Dowan
  5119 | D:3      | Banished Edmund
  5120 | D:3      | Reached skill level 8 in Invocations
  5243 | D:4      | Killed Dowan
  5516 | D:5      | Entered Level 5 of the Dungeon
  5544 | D:4      | Reached skill level 6 in Axes
  5576 | D:5      | Reached XP level 8. HP: 46/62 MP: 14/14
  5629 | D:5      | Found a sand-covered staircase.
  5675 | D:5      | Reached skill level 7 in Axes
  5725 | D:5      | Found an iron altar of Okawaru.
  5742 | Ossuary  | Entered an ossuary
  5927 | Ossuary  | Reached **** piety under Lugonu
  6033 | Ossuary  | Reached skill level 8 in Axes
  6174 | Ossuary  | Reached skill level 4 in Fighting
  6281 | D:5      | Found a sacrificial altar of Ru.
  6654 | D:6      | Reached skill level 5 in Fighting
  6846 | D:6      | Reached skill level 6 in Fighting
  6846 | D:6      | Reached XP level 9. HP: 73/73 MP: 15/15
  7419 | D:6      | Reached skill level 7 in Fighting
  7894 | D:6      | Found a staircase to the Ecumenical Temple.
  8032 | D:6      | Found a basalt altar of Yredelemnul.
  8441 | D:7      | Reached skill level 8 in Fighting
  8441 | D:7      | Reached skill level 1 in Dodging
  8489 | D:7      | Reached skill level 2 in Dodging
  8540 | D:7      | Reached skill level 3 in Dodging
  8686 | D:7      | Reached skill level 4 in Dodging
  8726 | D:7      | Noticed a troll
  8737 | D:7      | Killed a troll
  8737 | D:7      | Reached ***** piety under Lugonu
  8918 | D:7      | Reached skill level 5 in Dodging
  8997 | D:7      | Found a hazy altar of Hepliaklqana.
  9159 | D:7      | Found a glowing golden altar of the Shining One.
  9180 | D:7      | Noticed a manticore
  9190 | D:7      | Killed a manticore
  9191 | D:7      | Reached XP level 10. HP: 19/85 MP: 16/16
  9655 | D:7      | Found a snail-covered altar of Cheibriados.
  9683 | D:7      | Found a shimmering altar of Xom.
  9948 | D:8      | Noticed Harold
  9963 | D:8      | Slain by Harold

Vanquished Creatures
  A manticore (D:7)
  A troll (D:7)
  A wraith (D:7)
  Menkaure (D:4)
  2 water moccasins
  Duvessa (D:4)
  2 sky beasts
  2 orc warriors
  2 ice beasts
  A black bear (D:7)
  A necrophage (D:4)
  An ogre (D:4)
  3 centaurs
  A phantom (D:6)
  2 kobold brigands (D:6)
  3 scorpions
  3 bullfrogs
  A wyvern zombie (D:6)
  6 water moccasin zombies (Ossuary)
  Dowan (D:4)
  A wyvern skeleton (D:6)
  2 orc priests
  2 centaur zombies
  2 bullfrog skeletons
  3 hounds
  Ijyb (D:4)
  An iguana (D:7)
  4 orc wizards
  A hound skeleton (D:4)
  2 mummies (Ossuary)
  A gnoll (D:3)
  4 adders
  2 howler monkey skeletons
  A shadow imp (D:7)
  2 white imps (D:6)
  3 adder zombies (Ossuary)
  2 adder skeletons (D:4)
  A worm (D:2)
  5 dart slugs
  20 orcs
  8 ball pythons
  4 endoplasms
  A giant cockroach (D:2)
  6 gnoll zombies (Ossuary)
  9 goblins
  8 hobgoblins
  3 jackals (D:3)
  18 kobolds
  9 quokkas
  6 bats (D:1)
  3 frilled lizards
  2 hobgoblin zombies (Ossuary)
  4 kobold zombies (Ossuary)
  7 orc zombies (Ossuary)
  6 rats
190 creatures vanquished.
